 Dungeon Crawl Stone Soup version 0.32-a0-42-ga30500b4d3 (webtiles) character file.

Game seed: 12154162950510614904

116 funkygono the Covered (level 4, -1/41 HPs)
             Began as a Minotaur Fighter on Feb 3, 2024.
             Was an Initiate of Okawaru.
             Slain by a scorpion (4 damage)
             ... on level 4 of the Dungeon.
             The game lasted 00:04:03 (2207 turns).

funkygono the Covered (Minotaur Fighter)            Turns: 2207, Time: 00:04:03

Health: -1/41      AC: 14    Str: 22    XL:     4   Next: 69%
Magic:  3/3        EV:  6    Int:  5    God:    Okawaru [......]
Gold:   190        SH:  4    Dex: 10    Spells: 3/3 levels left

rFire   . . .        a - +1 war axe
rCold   . . .        c - +0 buckler
rNeg    . . .        k - +0 plate armour
rPois   .            (helmet restricted)
rElec   .            (no cloak)
rCorr   .            r - +0 pair of gloves
SInv    .            i - +0 pair of boots
Will    .....        (no amulet) Stlth
                     n - ring of flight
HPRegen 0.26/turn    (no ring)
MPRegen 0.08/turn

%: no passive effects
@: flying
A: horns 2, retaliatory headbutt
a: Renounce Religion


You were on level 4 of the Dungeon.
You worshipped Okawaru.
Okawaru was noncommittal.
You visited 1 branch of the dungeon, and saw 4 of its levels.

You collected 190 gold pieces.

Inventory:

Hand Weapons
 a - a +1 war axe (weapon)
Missiles
 e - 60 stones (quivered)
 p - 2 javelins
Armour
 c - a +0 buckler (worn)
 i - a +0 pair of boots (worn)
 k - a +0 plate armour (worn)
 r - a +0 pair of gloves (worn)
Jewellery
 n - a ring of flight (left hand)
 t - a +4 ring of protection
Wands
 h - a wand of charming (7)
Scrolls
 f - a scroll of immolation
 s - 2 scrolls of enchant weapon
Potions
 b - 2 potions of curing
 d - a potion of might
 g - a potion of magic
 j - a potion of lignification
 l - a potion of degeneration {unknown}
 m - a potion of enlightenment {unknown}
 o - 2 potions of cancellation
 q - 2 potions of brilliance {unknown}


   Skills:
 + Level 4.3 Fighting
 + Level 3.7 Axes
 + Level 4.8 Armour
 + Level 4.3 Shields


You had 3 spell levels left.
You didn't know any spells.
Your spell library contained the following spells:

 Spells                   Type           Power      Damage    Failure   Level
 Sting                    Conj/Alch      0%         1d3       100%        1
 Mercury Vapours          Alch/Air       0%         N/A       100%        2
 Dazzling Flash           Conj/Hex       0%         N/A       100%        3
 Mephitic Cloud           Conj/Alch/Air  0%         N/A       100%        3
 Ignite Poison            Fire/Alch      0%         N/A       100%        4
 Olgreb's Toxic Radiance  Alch           0%         N/A       100%        4
 Sticky Flame             Fire/Alch      0%         2d4       100%        4
 Curse of Agony           Necr           0%         N/A       100%        5
 Silence                  Hex/Air        0%         N/A       100%        5
 Ignition                 Fire           0%         3d3       100%        8


Dungeon Overview and Level Annotations

Branches:
Dungeon (4/15)
 Temple: D:4-7

Altars:
Ashenzari
Dithmenos
Fedhas
Gozag
Kikubaaqudgha
Makhleb
Nemelex Xobeh
Okawaru
Vehumet
The Shining One


Innate Abilities, Weirdness & Mutations

You have a pair of horns on your head.
You reflexively headbutt those who attack you in melee.


Message History

You closely miss the scorpion.
You feel very sick. The scorpion stings you.
The scorpion completely misses you.
You hit the scorpion but do no damage.
You feel very sick. You block the scorpion's attack.
You hit the scorpion.
The scorpion is moderately wounded.
You feel sick.
The scorpion stings you but does no damage. x2
You closely miss the scorpion.
The scorpion is moderately wounded.
You feel sick.
The scorpion stings you but does no damage. x2
You closely miss the scorpion. Your headbutt misses the scorpion.
The scorpion is moderately wounded.
You feel sick.
The scorpion stings you but does no damage.
The scorpion stings you.
* * * LOW HITPOINT WARNING * * *
You hit the scorpion.
The scorpion is heavily wounded.
You feel sick. The scorpion barely misses you.
You closely miss the scorpion. You headbutt the scorpion.
The scorpion is severely wounded.
You feel sick.
You are no longer poisoned.
The scorpion stings you but does no damage. x2
You hit the scorpion but do no damage. Your headbutt misses the scorpion.
The scorpion is severely wounded.
The scorpion stings you but does no damage.
You hit the scorpion.
The scorpion is severely wounded.
The scorpion barely misses you. You block the scorpion's attack.
You hit the scorpion.
The scorpion is almost dead.
The scorpion stings you.
* * * LOW HITPOINT WARNING * * *
The scorpion stings you.
You die...

###### #.†..#
###### #...<#
#....#######.###
#.##.........#
#@############
#.s...# #.#..?#
#.....# #.# ....
#.# ####[ #..
###


You could see a scorpion.

Vanquished Creatures
  A hound (D:4)
  2 adders
  3 ball pythons (D:2)
  3 bats
  5 endoplasms
  5 giant cockroaches
  9 goblins
  6 hobgoblins
  2 jackals (D:3)
  9 kobolds
  4 quokkas
  3 frilled lizards
  9 rats
61 creatures vanquished.

Notes
Turn   | Place    | Note
-------+----------+-------------------------------------------
     0 | D:1      | funkygono the Minotaur Fighter began the quest for the Orb.
     0 | D:1      | Reached XP level 1. HP: 19/19 MP: 0/0
   130 | D:1      | Reached XP level 2. HP: 27/27 MP: 1/1
   737 | D:2      | Reached XP level 3. HP: 33/33 MP: 2/2
   786 | D:2      | Found an opulent altar of Gozag.
  1597 | D:3      | Found a radiant altar of Vehumet.
  1635 | D:3      | Found a faded altar of an unknown god.
  1684 | D:3      | Reached XP level 4. HP: 38/40 MP: 3/3
  1857 | D:3      | Found a shadowy altar of Dithmenos.
  1932 | D:3      | Found a broken altar of Ashenzari.
  2088 | D:3      | Found an iron altar of Okawaru.
  2093 | D:3      | Found a sparkling altar of Nemelex Xobeh.
  2094 | D:3      | Found an ancient bone altar of Kikubaaqudgha.
  2094 | D:3      | Found an opulent altar of Gozag.
  2094 | D:3      | Found a burning altar of Makhleb.
  2098 | D:3      | Became a worshipper of Warmaster Okawaru
  2103 | D:3      | Found a glowing golden altar of the Shining One.
  2105 | D:3      | Found a blossoming altar of Fedhas.
  2195 | D:4      | Noticed a scorpion
  2207 | D:4      | Slain by a scorpion

Illustrated notes

Levels and vault maps discovered:
D:1:      psy_arrival_terrarium, layout_basic, fountainhead
D:2:      layout_basic, basic_altar
D:3:      layout_rooms, nicolae_overflow_ecumenical_swirl, minitemple,
          fiery_altar_vehumet
D:4:      layout_basic, nicolae_ru_sacrificial_ziggurat,
          hangedman_decor_diamond_cutter, uniq_sigmund

Skill      XL: |  1  2  3 |
---------------+----------+-----
Shields        | 4 |  4.3
Fighting       | 4 |  4.3
Armour         | 4 |  4.8
Axes           | 3 |  3.7

Action                     |  1- 3 |  4- 6 || total
---------------------------+-------+-------++-------
  Melee: War axe           |    88 |    34 ||   122
         Headbutt          |     9 |     3 ||    12
    Use: Scroll            |     8 |     1 ||     9
 Armour: Scale mail        |    20 |       ||    20
         Chain mail        |     8 |       ||     8
         Plate armour      |    43 |    41 ||    84
  Dodge: Dodged            |    33 |    13 ||    46
  Block: Buckler           |    22 |     4 ||    26

Table legend: (Time is in decaauts)
 A = Elapsed time spent in this place.
 B = Non-inter-level travel time spent in this place.
 C = Inter-level travel time spent in this place.
 D = Time resting spent in this place.
 E = Time spent auto-exploring this place.
 F = Levels seen in this place.
 G = Mean time per level.
                   A        B        C        D        E       F      G
               +--------+--------+--------+--------+--------+-----+--------+
         Total |   2253 |   2169 |     84 |      0 |   1618 |   4 |  563.2 |
       Dungeon |   2253 |   2169 |     84 |      0 |   1618 |   4 |  563.2 |
               +--------+--------+--------+--------+--------+-----+--------+

Top non-repeatable levels by time:
     D:2: 852 daAuts
     D:1: 747 daAuts
     D:3: 596 daAuts
     D:4: 57 daAuts
